 Dungeon Sprint DCSS version 0.30.1-1-g62c8e00024 (webtiles) character file.

Game seed: 10187825852058303392

1015 boopmooplesden the Cruncher (level 8, -4/46 HPs)
             Began as a Gargoyle Gladiator on July 15, 2023.
             Slain by a skeletal warrior
             ... wielding a +0 broad axe
              (17 damage)
             ... in the Dungeon (Sprint II: "The Violet Keep of Menkaure").
             The game lasted 00:02:13 (372 turns).

boopmooplesden the Cruncher (Gargoyle Gladiator)     Turns: 372, Time: 00:02:13

Health: -4/46      AC: 15    Str: 19    XL:     8   Next: 21%
Magic:  8/8        EV: 14    Int: 10    God:
Gold:   300        SH:  0    Dex: 14    Spells: 7/7 levels left

rFire   . . .        l - +2 quarterstaff (heavy)
rCold   . . .        (shield currently unavailable)
rNeg    + . .        h - +3 ring mail "Fuuhyg" {Dex+3}
rPois   ∞            c - +0 helmet
rElec   +            (no cloak)
rCorr   .            (no gloves)
SInv    .            (no boots)
Will    .....        (no amulet)
Stlth   +            (no ring)
HPRegen 0.27/turn    (no ring)
MPRegen 0.11/turn

%: no teleportation
@: no status effects
A: sickness immunity, AC +5, negative energy resistance 1, electricity
resistance, torment resistance 1, petrification resistance, deterioration 2,
frail 1, subdued magic 1
a: no special abilities


You were in the Dungeon.
You visited 1 branch You collected 729 gold pieces.
You spent 429 gold pieces at shops.

Inventory:

Hand Weapons
 a - a +0 quarterstaff
 l - a +2 heavy quarterstaff (weapon)
Missiles
 d - 2 throwing nets (quivered)
 e - a javelin
Armour
 b - a +0 leather armour
 c - a +0 helmet (worn)
 h - the +3 ring mail "Fuuhyg" (worn) {Dex+3}
   (You bought it in a shop in the Dungeon)

   Dex:       It affects your dexterity (+3).
Scrolls
 g - a scroll of identify {unknown}
 k - a scroll of blinking
Potions
 f - a potion of curing
 i - 2 potions of magic
 j - a potion of berserk rage


   Skills:
 + Level 6.4 Fighting
 + Level 12.4 Staves
 + Level 5.1 Throwing
 + Level 3.7 Armour
 + Level 8.2 Dodging
 + Level 2.4 Stealth


You had 7 spell levels left.
You didn't know any spells.
Your spell library was empty.

Dungeon Overview and Level Annotations

Branches:
Dungeon (1/1)

Altars:

Shops:
D ((:[?=::[!!*[=*

Annotations:
D exclusions: obsidian statue and oklob plant, Kirke


Innate Abilities, Weirdness & Mutations

You are immune to sickness and miasma.
Your stone body is resilient. (AC +5)
You are immune to poison.
You resist negative energy. (rN+)
You are resistant to electric shocks. (rElec)
You are resistant to unholy torment.
You are immune to petrification.
Your body often deteriorates upon taking damage.
You are frail. (-10% HP)
Your spells are a little easier to cast, but a little less powerful.


Message History

You start resting.
The walls and floor vibrate strangely for a moment.
You start resting.
The slime creature quivers.
A slime creature merges with something you can't see.
You start resting.
A slime creature merges with something you can't see.
You enter the shallow water.
Moving in this stuff is going to be slow.
You start resting.
HP restored.
A centaur warrior, Kirke and a skeletal warrior come into view.
Kirke shouts!
The centaur warrior shouts!
Kirke mumbles some strange words.
Kirke summons a lindwurm!
You hear a loud, deep croak!
You enter the shallow water.
Moving in this stuff is going to be slow.
You hear a trumpeting!
You hear a shout!
Kirke mumbles some strange words.
Kirke flickers and vanishes!
Deactivating autopickup; reactivate with Ctrl-A.
A yaktaur captain comes into view.
The yaktaur captain wields a +0 arbalest.
The yaktaur captain shoots a bolt.
The bolt closely misses you.
An elephant comes into view.
The yaktaur captain shoots a bolt.
The bolt hits you!!
There is an open door, spattered with blood here.
You see here a water moccasin corpse.
You closely miss the skeletal warrior. The skeletal warrior barely misses you.
You barely miss the skeletal warrior.
The skeletal warrior hits you with a +0 broad axe!
* * * LOW HITPOINT WARNING * * *
You bludgeon the skeletal warrior!!
The skeletal warrior is moderately damaged.
The skeletal warrior closely misses you.
You hit the skeletal warrior but do no damage.
The skeletal warrior is moderately damaged.
The skeletal warrior hits you with a +0 broad axe!
You die...

..~## §≈
############Y~#+++#+++#
###########c~~.........
##........#~{~~.##+#
##...⌠....#~~~~###.###
##..∩.∩...#~z~~#..#..#
##.∩.∩.∩..#~~####.#.## #
##∩.∩.∩.∩.#~##.###†## .##
##.∩...∩.∩#~#@..##.##B..#
##∩.......'{z.##÷.<.+#
##.......∩#~#...##.##B..#
#▓▓▓▓▓▓▓###~##.###'# .##
##!J{######~~####.#### #
#$${#YY ##~~~#.##..#
#∩P[+Y.# #'#~##...#
#:..#)##° #.#~~##'##
#!.$###.. ### ~~°~~~


You could see a skeletal warrior.

Vanquished Creatures
  A blink frog (D)
  2 neqoxecs (D)
  A water moccasin (D)
  4 scorpions (D)
  4 necrophages (D)
12 creatures vanquished.

Vanquished Creatures (others)
  Menkaure (D)
1 creature vanquished.

Grand Total: 13 creatures vanquished

Notes
Turn   | Place    | Note
-------+----------+-------------------------------------------
     0 | D        | boopmooplesden the Gargoyle Gladiator began the quest for
                  | the Orb.
     0 | D        | Reached XP level 1. HP: 12/12 MP: 1/1
     1 | D        | Noticed a boulder beetle
     1 | D        | Noticed a boulder beetle
     4 | D        | Noticed a scorpion
     4 | D        | Noticed a scorpion
     4 | D        | Noticed a scorpion
     4 | D        | Noticed a scorpion
    13 | D        | Killed a scorpion
    14 | D        | Reached skill level 5 in Staves
    14 | D        | Reached XP level 2. HP: 5/19 MP: 2/2
    14 | D        | Reached XP level 3. HP: 7/23 MP: 3/3
    18 | D        | Killed a scorpion
    19 | D        | Reached skill level 6 in Staves
    19 | D        | Reached skill level 5 in Dodging
    19 | D        | Reached XP level 4. HP: 9/29 MP: 4/4
    22 | D        | HP: 1/29 [scorpion (6)]
    27 | D        | Killed a scorpion
    28 | D        | Reached skill level 7 in Staves
    28 | D        | Reached skill level 1 in Stealth
    28 | D        | Reached XP level 5. HP: 30/33 MP: 5/5
    33 | D        | Reached skill level 8 in Staves
    33 | D        | Reached XP level 6. HP: 37/39 MP: 6/6
    45 | D        | Noticed a neqoxec
    51 | D        | Gained mutation: Your body sometimes deteriorates upon
                  | taking damage. [a neqoxec]
    52 | D        | Gained mutation: Your body often deteriorates upon taking
                  | damage. [a neqoxec]
    68 | D        | Gained mutation: You are frail. (-10% HP) [a neqoxec]
    69 | D        | Killed a neqoxec
    70 | D        | Reached skill level 9 in Staves
    70 | D        | Reached skill level 1 in Armour
    72 | D        | Noticed an obsidian statue
    72 | D        | Noticed a neqoxec
    80 | D        | Gained mutation: Your spells are a little easier to cast,
                  | but a little less powerful. [a neqoxec]
    92 | D        | Killed a neqoxec
    93 | D        | Reached skill level 5 in Fighting
    93 | D        | Reached skill level 10 in Staves
    93 | D        | Reached XP level 7. HP: 25/39 MP: 7/7
   122 | D        | Killed Menkaure
   161 | D        | Reached skill level 11 in Staves
   179 | D        | Found Ubumuy's General Store.
   179 | D        | Found Neimnid's Jewellery Boutique.
   179 | D        | Found Jaxis's Assorted Antiques.
   179 | D        | Found Ysosomn's Antique Armour Shop.
   179 | D        | Found Vosurhus's Distillery.
   179 | D        | Found Uquluos's Distillery.
   179 | D        | Found Fouxtari's Antique Armour Shop.
   180 | D        | Found Faduzext's Book Shop.
   181 | D        | Found Kaschu's Book Shop.
   181 | D        | Found Neurirho's Jewellery Boutique.
   190 | D        | Reached skill level 12 in Staves
   190 | D        | Reached skill level 5 in Throwing
   201 | D        | Found Qutaipigg's Magic Scroll Shop.
   201 | D        | Found Xeitsas's Armour Boutique.
   201 | D        | Noticed an oklob plant
   206 | D        | Noticed a blink frog
   220 | D        | Found Moenet's Weapon Shop.
   220 | D        | Found Sasibly's Antique Weapon Boutique.
   220 | D        | Found Ruin's Book Shoppe.
   221 | D        | Noticed a slime creature
   221 | D        | Noticed a slime creature
   222 | D        | Noticed a slime creature
   241 | D        | Noticed a yak
   241 | D        | Noticed a yak
   243 | D        | Noticed a yak
   244 | D        | Killed a blink frog
   245 | D        | Reached XP level 8. HP: 16/46 MP: 8/8
   248 | D        | Bought a polished ring mail for 180 gold pieces
   248 | D        | Identified the +3 ring mail "Fuuhyg" {Dex+3} (You bought it
                  | in a shop in the Dungeon)
   266 | D        | Bought a +2 heavy quarterstaff for 249 gold pieces
   358 | D        | Noticed a centaur warrior
   358 | D        | Noticed Kirke
   358 | D        | Noticed a skeletal warrior
   359 | D        | Noticed a lindwurm
   361 | D        | Noticed a yaktaur captain
   363 | D        | Noticed an elephant
   372 | D        | Slain by a skeletal warrior

Illustrated notes

Levels and vault maps discovered:
D:        the_violet_keep_of_menkaure [sprint2_stairs_cluster_1,
          sprint2_shoproom, sprint2_temple, sprint2_basic_supplies,
          sprint2_obstacle_3, sprint2_obstacle_6, sprint2_obstacle_4,
          sprint2_obstacle_2, sprint2_obstacle_5, sprint2_timed_cluster_1,
          sprint2_smallroom_cluster_1, sprint2_smallroom_final_cluster_1,
          sprint2_transparent_cluster_1, sprint2_second_timed_cluster_1,
          sprint2_sniper_area_1, sprint2_heavy_combat_area_1,
          sprint2_mutation_trap_area_1, sprint2_forest_area_1,
          sprint2_light_combat_area_1, sprint2_behind_water_1,
          sprint2_near_end_vault_1]

Skill      XL: |  1  2  3  4  5  6  7 |
---------------+----------------------+-----
Fighting       | 3 4 5 6 |  6.4
Staves         | 5 6 7 8 10 12 | 12.4
Throwing       | 2 3 4 5 |  5.1
Dodging        | 4 5 6 7 8 |  8.2
Stealth        | 1 2 |  2.4
Armour         | 2 3 |  3.7

Action                     |  1- 3 |  4- 6 |  7- 9 || total
---------------------------+-------+-------+-------++-------
  Melee: Quarterstaff      |    12 |    46 |    46 ||   104
  Throw: Throwing net      |     1 |     2 |       ||     3
    Use: Potion            |     1 |     1 |       ||     2
   Stab: Held in net/web   |     1 |       |       ||     1
 Armour: Leather armour    |     1 |     9 |    10 ||    20
  Dodge: Dodged            |     3 |    11 |    26 ||    40
